 Dungeon Crawl Stone Soup version 0.20-a0-2-g2b0e13a (webtiles) character file.

128 Mirvelgyr the Chopper (level 4, -5/39 HPs)
             Began as a Minotaur Berserker on Oct 28, 2016.
             Was a Priest of Trog.
             Killed by divine providence
             ... invoked by an orc priest
              (11 damage)
             ... on level 3 of the Dungeon.
             The game lasted 00:03:00 (2215 turns).

Mirvelgyr the Chopper (Minotaur Berserker)          Turns: 2215, Time: 00:03:01

Health: -5/39      AC:  3    Str: 22    XL:     4   Next: 86%
Magic:  3/3        EV: 12    Int:  4    God:    Trog [***...]
Gold:   76         SH:  0    Dex: 10    Spells: 0 memorised, 3 levels left

rFire  . . .     SeeInvis .     a - +0 hand axe
rCold  . . .     Gourm    .     o - +0 leather armour
rNeg   . . .     Faith    .     (no shield)
rPois  .         Spirit   .     (helmet restricted)
rElec  .         Reflect  .     (no cloak)
rCorr  .         Harm     .     (no gloves)
MR     .....                    (no boots)
Stlth  +.........               (no amulet)
                                (no ring)
                                (no ring)

@: lethally poisoned (-5 -> -29)
A: retaliatory headbutt, horns 2
a: Berserk, Trog's Hand, Burn Spellbooks, Renounce Religion


You were on level 3 of the Dungeon.
You worshipped Trog.
Trog was most pleased with you.
You were hungry.

You visited 1 branch of the dungeon, and saw 3 of its levels.

You collected 76 gold pieces.

Inventory:

Hand Weapons
 a - a +0 hand axe (weapon)
Armour
 o - a +0 leather armour (worn)
Scrolls
 d - 4 scrolls of identify {unknown}
 e - a scroll of teleportation {unknown}
 f - a scroll of recharging {unknown}
 g - a scroll of enchant weapon {unknown}
 h - 2 scrolls of magic mapping {unknown}
 i - 2 scrolls of immolation {unknown}
 j - 4 scrolls of remove curse {unknown}
 k - 2 scrolls of random uselessness {unknown}
 m - a scroll of blinking {unknown}
Potions
 l - a potion of haste {unknown}
Comestibles
 c - 3 bread rations
 n - 4 chunks of flesh


   Skills:
 - Level 3.6 Fighting
 + Level 6.8 Axes
 - Level 2.4 Armour
 - Level 2.1 Dodging


You had 3 spell levels left.
You didn't know any spells.

Dungeon Overview and Level Annotations

Branches:
Dungeon (3/15)

Altars:
Gozag
Yredelemnul
Zin

Annotations:
D:3 Jessica


Innate Abilities, Weirdness & Mutations

You reflexively headbutt those who attack you in melee.
You have a pair of horns on your head.


Message History

The orc wizard hits you with a dagger of venom.
You are more poisoned.
The orc barely misses you. The orc misses you.
You hit the orc wizard. You headbutt the orc wizard.
The orc wizard is moderately wounded.
You barely miss the orc.
You feel sick.
The orc wizard gestures at you while chanting.
The magic dart hits you! The orc closely misses you.
The orc wizard hits you with a dagger of venom.
You are lethally poisoned!
The orc completely misses you.
You hit the orc wizard but do no damage.
The orc wizard is moderately wounded.
You completely miss the orc.
You feel sick.
The orc wizard points at you and mumbles some strange words.
The magic dart hits you!
* * * LOW HITPOINT WARNING * * *
The orc priest calls down the wrath of Beogh upon you.
Beogh smites you!
You die...

#.......######### #####'##
#.....).# #...#.##
#.......###########...#.##
#........................#
#........................#
###.......#######'#######..#
#.......#...............#..#
#.......#...............#..#
#.......#..@###########.#..#
#.......#.oo# #.#..#
#.......#.o@# #.#..#
#.......#..o# #.#..#
####....#...' #.'..#
#....#...# #.#..# #....#...#
#.#..# #....#...' #####
#.#).# #....# #...## #.#..#


You could see an orc priest, an orc wizard, Jessica and 2 orcs.

Vanquished Creatures
  4 adders
  An ooze (D:3)
  3 worms
  2 dart slugs (D:3)
  2 leopard geckos
  5 bats
  2 giant cockroaches
  8 goblins
  13 hobgoblins
  7 jackals (D:3)
  A quokka (D:2)
  2 ball pythons (D:1)
  5 frilled lizards
  3 kobolds
  13 rats
71 creatures vanquished.

Notes
Turn   | Place    | Note
-------+----------+-------------------------------------------
     0 | D:1      | Mirvelgyr the Minotaur Berserker began the quest for the Orb.
     0 | D:1      | Reached XP level 1. HP: 19/19 MP: 0/0
    76 | D:1      | Reached skill level 4 in Axes
   218 | D:1      | Reached XP level 2. HP: 26/26 MP: 1/1
   714 | D:2      | Reached skill level 5 in Axes
   929 | D:2      | Reached XP level 3. HP: 31/31 MP: 2/2
   948 | D:2      | Reached ** piety under Trog
  1466 | D:2      | Reached XP level 4. HP: 37/39 MP: 3/3
  1670 | D:3      | Reached skill level 6 in Axes
  1875 | D:3      | Noticed Jessica
  1898 | D:3      | Found a basalt altar of Yredelemnul.
  2123 | D:3      | Reached *** piety under Trog
  2164 | D:3      | Found an opulent altar of Gozag.
  2164 | D:3      | Found a glowing silver altar of Zin.
  2215 | D:3      | Killed from afar by an orc priest

Vault maps used:
D:1:      minmay_arrival_plants_in_alcoves, hangedman_abyss_or_decor_stabs
D:2:      minmay_cupped
D:3:      wad_lake_hut, grunt_temple_overflow_gold_and_silver,
          yredelemnul_altar_generic, uniq_jessica

Skill      XL: |  1  2  3  4 |
---------------+-------------+-----
Axes           | 4 5 6 |  6.8
Fighting       | |  3.6
Armour         | |  2.4
Dodging        | |  2.1

Action                   |  1- 3 |  4- 6 || total
-------------------------+-------+-------++-------
Melee: Hand axe          |    76 |    56 ||   132
       Headbutt          |    12 |    11 ||    23
Invok: Trog's Hand       |       |     1 ||     1
 Stab: Sleeping          |     1 |       ||     1
  Eat: Chunk             |     2 |     2 ||     4
Armor: Animal skin       |    10 |     1 ||    11
       Leather armour    |       |    11 ||    11
Dodge: Dodged            |    47 |    43 ||    90
